 Dungeon Crawl Stone Soup version 0.28.0-1-gb440e238dd (webtiles) character file.

Game seed: 2978949241953818332

168 pkoi the Conjurer (level 5, -5/34 HPs)
             Began as a Draconian Conjurer on Feb 23, 2022.
             Slain by Eustachio (10 damage)
             ... on level 4 of the Dungeon.
             The game lasted 00:04:00 (3203 turns).

pkoi the Conjurer (Draconian Conjurer)              Turns: 3203, Time: 00:04:01

Health: -5/34      AC:  5    Str:  9    XL:     5   Next: 24%
Magic:  4/9        EV: 12    Int: 20    God:
Gold:   115        SH:  0    Dex: 10    Spells: 3/9 levels left

rFire   . . .      SeeInvis .   c - +3 short sword (speed)
rCold   . . .      Faith    .   (no shield)
rNeg    . . .      Spirit   .   (armour unavailable)
rPois   .          Reflect  .   (helmet restricted)
rElec   .          Harm     .   (no cloak)
rCorr   .          Rampage  .   (no gloves)
Will    .....                   (no boots)
Stlth   ++........              e - amulet of magic regeneration
HPRegen 0.11/turn               (no ring)
MPRegen 0.51/turn               (no ring)

@: no status effects
A: AC +5, unfitting armour, cold-blooded, claws 1, horns 1, frail 1
a: no special abilities


You were on level 4 of the Dungeon.
You visited 1 branch of the dungeon, and saw 5 of its levels.

You collected 115 gold pieces.

Inventory:

Hand Weapons
 c - a +3 short sword of speed (weapon)
 d - a +0 short sword
Jewellery
 e - an amulet of magic regeneration (around neck)
Scrolls
 b - 2 scrolls of identify
Potions
 a - a potion of haste


   Skills:
 - Level 1.7 Dodging
 - Level 1.7 Stealth
 + Level 2.9 Spellcasting
 + Level 5.6 Conjurations
 + Level 1.8 Hexes


You had 3 spell levels left.
You knew the following spells:

 Your Spells              Type           Power      Damage    Failure   Level
a - Magic Dart            Conj           100%       1d8       1%          1
b - Searing Ray           Conj           50%        2d6       2%          2
c - Dazzling Flash        Conj/Hex       34%        N/A       10%         3

Your spell library contained the following spells:

 Spells                   Type           Power      Damage    Failure   Level
 Fulminant Prism          Conj/Hex       8%         3d7       30%         4
 Iskenderun's Mystic Bla  Conj/Tloc      14%        2d5       41%         4


Dungeon Overview and Level Annotations

Branches:
Dungeon (5/15)
 Temple: D:4-7

Altars:
The Shining One

Annotations:
D:3 Sigmund
D:4 Eustachio


Innate Abilities, Weirdness & Mutations

Your plain brown scales are hard. (AC +5)
You cannot fit into any form of body armour.
You are cold-blooded and may be slowed by cold attacks.
You have sharp fingernails.
You have a pair of small horns on your head.
You are frail. (-10% HP)


Message History

Eustachio gestures wildly while chanting.
Eustachio blinks!
The bat hits you.
* * * LOW HITPOINT WARNING * * *
The rat misses you.
The crimson imp hits you but does no damage.
You closely miss the crimson imp.
The crimson imp is severely wounded.
The bat closely misses you.
Eustachio casts a spell.
Eustachio blinks!
The rat barely misses you.
Unknown command.
Unknown command.
You miss the crimson imp.
Your tail-slap misses the crimson imp.
The crimson imp is severely wounded.
The bat completely misses you. The crimson imp closely misses you.
Unknown command.
You miss the crimson imp.
The crimson imp is severely wounded.
The ufetubus disappears in a puff of smoke!
The crimson imp disappears in a puff of smoke!
The bat hits you but does no damage. The rat bites you but does no damage.
The rat barely misses you.
Unknown command.
The bat hits you but does no damage.
Eustachio mumbles some strange words.
The rat bites you but does no damage. The bat hits you but does no damage.
The rat bites you but does no damage.
Unknown command.
You hit Eustachio. Your headbutt misses Eustachio.
Eustachio is severely wounded.
The bat hits you but does no damage.
Eustachio hits you with a +2 falchion of protection.
* * * LOW HITPOINT WARNING * * *
The rat barely misses you.
Unknown command.
You hit Eustachio.
Your tail-slap misses Eustachio.
Eustachio is severely wounded.
The bat barely misses you. The rat bites you but does no damage.
Eustachio hits you with a +2 falchion of protection!
You die...

## ##. #.. ..
########## .#
#5r......###.#
#r@b.........#
#@.......#..##
#........#...#
#####.####...#
#..# #.@..#
#..## ##..##
#F# #..# ..
####..### #+#
#.......# #.#


You could see Eustachio, an iron imp (summoned), a bat (summoned) and 2 rats.

Vanquished Creatures
  A hound (D:5)
  A hound skeleton (D:4)
  2 adders
  An adder skeleton (D:3)
  4 worms
  13 dart slugs
  7 endoplasms
  3 giant cockroaches
  5 goblins
  5 hobgoblins
  4 jackals (D:1)
  9 kobolds
  A quokka (D:2)
  6 ball pythons
  2 bats (D:1)
  A frilled lizard (D:2)
  A rat (D:1)
66 creatures vanquished.

Notes
Turn   | Place    | Note
-------+----------+-------------------------------------------
     0 | D:1      | pkoi the Draconian Conjurer began the quest for the Orb.
     0 | D:1      | Reached XP level 1. HP: 14/14 MP: 3/3
   374 | D:1      | Reached XP level 2. HP: 18/20 MP: 5/5
   414 | D:1      | Learned a level 2 spell: Searing Ray
   782 | D:1      | Reached skill level 5 in Conjurations
   954 | D:2      | Reached XP level 3. HP: 26/26 MP: 3/6
  1063 | D:2      | Learned a level 3 spell: Dazzling Flash
  1793 | D:2      | Reached XP level 4. HP: 33/33 MP: 4/7
  1883 | D:3      | Found a faded altar of an unknown god.
  2008 | D:3      | Reached skill level 1 in Hexes
  2580 | D:3      | Noticed Sigmund
  2589 | D:3      | You fall into a shaft and drop 2 floors!
  2589 | D:5      | Entered Level 5 of the Dungeon
  2739 | D:5      | Reached XP level 5. HP: 34/38 MP: 4/9
  3024 | D:5      | Found a glowing golden altar of the Shining One.
  3141 | D:4      | Noticed Eustachio
  3184 | D:4      | Gained mutation: You have a pair of small horns on your
                  | head. [potion of mutation]
  3184 | D:4      | Gained mutation: You are frail. (-10% HP) [potion of
                  | mutation]
  3184 | D:4      | Gained mutation: You have sharp fingernails. [potion of
                  | mutation]
  3203 | D:4      | Slain by Eustachio

Illustrated notes

Levels and vault maps discovered:
D:1:      lordsloth_arrival_two_stooges, layout_loops_ring
D:2:      layout_loops_ring
D:3:      kennysheep_slugbush, layout_basic, grunt_dithmenos_smoke_and_mirrors,
          serial_corexii_hall, corexii_hall_statues_u, corexii_hall_statues_x,
          corexii_hall_statues_u, corexii_hall_statues_i,
          ebering_ecumenical_altar_sacrificial, uniq_sigmund
D:4:      layout_rooms, yredelemnul_forgotten_temple_becter, temple_green,
          uniq_eustachio
D:5:      layout_gridville, elyvilon_altar_4,
          mainiacjoe_overflow_small_starburst, nicolae_qazlal_scattered_showers,
          uniq_pikel, uniq_duvessa, uniq_grinder

Skill      XL: |  1  2  3  4 |
---------------+-------------+-----
Conjurations   | 5 |  5.6
Hexes          | 1 |  1.8
Dodging        | |  1.7
Stealth        | |  1.7
Spellcasting   | |  2.9

Action                   |  1- 3 |  4- 6 || total
-------------------------+-------+-------++-------
Melee: Unarmed           |    18 |       ||    18
       Short sword       |    19 |    16 ||    35
       Tailslap          |     5 |     2 ||     7
       Punch             |     1 |       ||     1
 Cast: Magic Dart        |    86 |    76 ||   162
       Searing Ray       |       |     7 ||     7
  Use: Scroll            |       |     7 ||     7
       Potion            |       |     1 ||     1
Armor: Skin              |    14 |    52 ||    66
Dodge: Dodged            |    34 |    99 ||   133
